 Dungeon Crawl Stone Soup version 0.30.0-10-gfe55d96785 (webtiles) character file.

Game seed: 9242279472779599215

46 Twinkles the Ducker (level 3, -1/17 HPs)
             Began as a Felid Berserker on May 14, 2023.
             Was a Believer of Trog.
             Succumbed to an adder's poison
             ... on level 2 of the Dungeon.
             The game lasted 00:03:54 (941 turns).

Twinkles the Ducker (Felid Berserker)                Turns: 941, Time: 00:03:55

Health: -1/17      AC:  1    Str: 10 (13) XL:     3   Next: 46%
Magic:  4/4        EV: 18    Int:  5 (8)  God:    Trog [**....]
Gold:   112        SH:  0    Dex: 14 (17) Spells: 2/2 levels left
                                        Lives:  0   Deaths: 0

rFire   . .          .
                       - Unarmed
rCold   . . .        (shield unavailable)
rNeg    . . .        (body armour unavailable)
rPois   .            (helmet unavailable)
rElec   .            (cloak unavailable)
rCorr   .            (gloves unavailable)
SInv    +            (boots unavailable)
Will    .....        (no amulet)
Stlth   +            (no ring)
HPRegen 0.22/turn    (no ring)
MPRegen 0.09/turn

%: no passive effects
@: lethally poisoned (-1 -> -6), quick
A: very small, claws 1, fangs 3, see invisible, speed 1, shaggy fur 1, stealthy
paws, no weapons or thrown items, no armour, multi-lived
a: Renounce Religion, Berserk, Trog's Hand


You were on level 2 of the Dungeon.
You worshipped Trog.
Trog was pleased with you.
You visited 1 branch of the dungeon, and saw 2 of its levels.

You collected 112 gold pieces.

Inventory:

Scrolls
 a - a scroll of poison
 c - 2 scrolls of identify {unknown}
Potions
 f - a potion of degeneration
 A - a potion of attraction


   Skills:
 + Level 3.5 Fighting
 + Level 4.7 Dodging
 + Level 3.5 Unarmed Combat


You had 2 spell levels left.
You didn't know any spells.
Your spell library was empty.

Dungeon Overview and Level Annotations

Branches:
Dungeon (2/15) Zot: 11198

Altars:


Innate Abilities, Weirdness & Mutations

You have sharp claws.
You have razor-sharp teeth.
You have supernaturally acute eyesight. (SInv)
You cover ground quickly. (Speed+)
You are covered in fur. (AC +1)
Your paws help you pounce on unaware monsters.
You are incapable of wielding weapons or throwing items.
You cannot wear armour.
You gain extra lives every three experience levels.


Message History

The adder is severely wounded.
The adder closely misses you. x2
You miss the adder.
The adder is severely wounded.
The adder bites you.
You are poisoned.
The adder poisons you!
You closely miss the adder. Your bite misses the adder.
The adder is severely wounded.
You feel sick. The adder bites you.
You scratch the adder but do no damage.
The adder is severely wounded.
You feel sick. The adder bites you.
* * * LOW HITPOINT WARNING * * *
You are lethally poisoned!
The adder poisons you!
Unknown command.
It was a potion of attraction.
You feel attractive to monsters.
A - a potion of attraction
* * * LOW HITPOINT WARNING * * *
You feel sick. The adder misses you. The adder barely misses you.
It was a potion of degeneration.
There was something very wrong with that liquid.
You feel weakened.
You feel dopey.
You feel clumsy.
f - a potion of degeneration
* * * LOW HITPOINT WARNING * * *
You feel sick. The adder completely misses you.
It was a potion of cancellation.
Your magical effects are unravelling.
You feel magically purged.
* * * LOW HITPOINT WARNING * * *
You feel sick. The adder closely misses you.
You feel less attractive to monsters.
Okay, then.
Unknown command.
The air fills with toxic fumes!
As you read the scroll labelled ARGHEMM YCIYNAYSOT, it crumbles to dust.
It was a scroll of poison.
You die...

##§# #§§§ #§§#
#§§# #. #§§#
#.# #§§# #.#
#§S#
####.###@§#
#§§§§§§§§§# #
#§§§§§§#§##
#.##§§§§§§#§§.
....§§§§§.#####
##.##§§§§§.#
.....§§§§..#
#####§§§§..#
#......#


You could see an adder.

Vanquished Creatures
  A gnoll (D:1)
  A worm (D:2)
  3 dart slugs (D:1)
  5 bats
  3 endoplasms
  A giant cockroach (D:1)
  3 goblins (D:1)
  2 hobgoblins (D:1)
  A kobold (D:1)
  2 quokkas (D:1)
  A ball python (D:1)
  2 frilled lizards (D:1)
  A rat (D:1)
26 creatures vanquished.

Notes
Turn   | Place    | Note
-------+----------+-------------------------------------------
     0 | D:1      | Twinkles the Felid Berserker began the quest for the Orb.
     0 | D:1      | Reached XP level 1. HP: 10/10 MP: 2/2
    11 | D:1      | Found a faded altar of an unknown god.
   145 | D:1      | Reached XP level 2. HP: 14/14 MP: 3/3
   590 | D:1      | Reached XP level 3. HP: 17/17 MP: 4/4
   856 | D:2      | Reached ** piety under Trog
   937 | D:2      | HP: 5/17 [adder (3)]
   939 | D:2      | HP: 1/17 [poisoned by an adder]
   941 | D:2      | Succumbed to an adder's poison

Illustrated notes

Levels and vault maps discovered:
D:1:      dpeg_arrival_tiny_e, layout_basic, ebering_ecumenical_altar_abandoned
D:2:      layout_basic, kennysheep_jessica_study, uniq_jessica, uniq_sigmund

Action                     || total
---------------------------++-------
  Melee: Unarmed           ||    82
         Bite              ||     6
 Invoke: Berserk           ||     1
    Use: Potion            ||     3
         Scroll            ||     1
   Stab: Sleeping          ||     2
 Armour: Skin              ||     4
  Dodge: Dodged            ||    56
